 Dungeon Crawl Stone Soup version 0.29-a0-334-gb41bcbb86e (webtiles) character file.

Game seed: 6545910732495245024

696 Jortsu the Chopper (level 7, -4/61 HPs)
             Began as a Hill Orc Fighter on Apr 14, 2022.
             Succumbed to a water moccasin's poison
             ... on level 5 of the Dungeon.
             The game lasted 00:04:49 (4265 turns).

Jortsu the Chopper (Hill Orc Fighter)               Turns: 4265, Time: 00:04:50

Health: -4/61      AC: 10    Str: 21    XL:     7   Next: 64%
Magic:  1/7        EV:  9    Int:  8    God:
Gold:   175        SH:  4    Dex: 10    Spells: 6/6 levels left

rFire   . . .      SeeInvis .   a - +1 war axe (vorpal)
rCold   . . .      Faith    .   c - +0 buckler
rNeg    . . .      Spirit   +   b - +0 scale mail
rPois   .          Reflect  .   q - +1 helmet
rElec   .          Harm     .   m - +0 cloak
rCorr   .          Rampage  .   (no gloves)
Will    .....                   (no boots)
Stlth   ..........              r - amulet of guardian spirit
HPRegen 0.20/turn               (no ring)
MPRegen 0.10/turn               (no ring)

@: lethally poisoned (-4 -> -23)
A: no striking features
a: no special abilities


You were on level 5 of the Dungeon.
You visited 1 branch of the dungeon, and saw 5 of its levels.

You collected 175 gold pieces.

Inventory:

Hand Weapons
 a - a +1 vorpal war axe (weapon)
Armour
 b - a +0 scale mail (worn)
 c - a +0 buckler (worn)
 m - a +0 cloak (worn)
 q - a +1 helmet (worn)
Jewellery
 r - an amulet of guardian spirit (around neck)
Wands
 o - a wand of paralysis (9)
Scrolls
 f - a scroll of enchant armour
 g - 2 scrolls of teleportation
 j - a scroll of fog
 l - a scroll of magic mapping
Potions
 d - 4 potions of might
 e - a potion of curing {unknown}
 h - 3 potions of heal wounds
 i - 2 potions of brilliance
 k - 2 potions of haste {unknown}
 n - 2 potions of attraction
 p - a potion of lignification {unknown}


   Skills:
 + Level 5.0 Fighting
 + Level 7.7 Axes
 + Level 5.1 Armour
 + Level 1.4 Dodging
 + Level 0.9 Stealth
 + Level 4.3 Shields


You had 6 spell levels left.
You didn't know any spells.
Your spell library contained the following spells:

 Spells                   Type           Power      Damage    Failure   Level
 Animate Skeleton         Necr           0%         N/A       82%         1
 Foxfire                  Conj/Fire      0%         2x1d4     82%         1
 Pain                     Necr           0%         1d4       82%         1
 Conjure Flame            Conj/Fire      0%         6-21      99%         3
 Inner Flame              Hex/Fire       0%         N/A       99%         3
 Vampiric Draining        Necr           0%         2d6       99%         3
 Flame Wave               Conj/Fire      0%         2d4       100%        4


Dungeon Overview and Level Annotations

Branches:
Dungeon (5/15)
 Temple: D:4-7

Altars:
The Shining One


Message History

You feel very sick. The water moccasin bites you.
You are more poisoned.
The water moccasin poisons you!
You barely miss the water moccasin.
You feel very sick. The water moccasin bites you!
You are more poisoned.
The water moccasin poisons you!
The water moccasin bites you but does no damage.
You slash the water moccasin!
The water moccasin is moderately wounded.
You feel extremely sick.
The water moccasin bites you but does no damage.
You barely miss the water moccasin.
The water moccasin is moderately wounded.
You feel extremely sick. You block the water moccasin's attack.
The water moccasin closely misses you.
You miss the water moccasin.
The water moccasin is moderately wounded.
You feel very sick. You block the water moccasin's attack.
The water moccasin bites you.
* * * LOW HITPOINT WARNING * * *
You are lethally poisoned!
The water moccasin poisons you!
You slash the water moccasin!
The water moccasin is severely wounded.
* * * LOW HITPOINT WARNING * * *
You feel extremely sick.
The water moccasin bites you but does no damage.
You closely miss the water moccasin.
The water moccasin is severely wounded.
* * * LOW HITPOINT WARNING * * *
You feel very sick. The water moccasin bites you!
* * * LOW HITPOINT WARNING * * *
The water moccasin bites you but does no damage.
You barely miss the water moccasin.
The water moccasin is severely wounded.
You die...

........#.#....#
##.###.##.†....#
..........#....#
.###.###.##....# .
###....#.##....# ..
......##.####..######...
......#..#...........#
......+..#...........+
......#..#....#.@....#
......######+##.S....#
.......... .........<.
.......... .............
........................
........................
######....######+####...
..# .... ... ..# ..


You could see a water moccasin.

Vanquished Creatures
  2 black bears
  A sky beast (D:5)
  A phantom (D:5)
  A scorpion (D:5)
  A hound (D:5)
  Ijyb (D:4)
  2 orc wizards (D:4)
  Robin (D:3)
  6 adders
  2 white imps
  An ufetubus (D:4)
  3 dart slugs
  2 orcs (D:4)
  6 ball pythons
  12 endoplasms
  3 giant cockroaches
  14 goblins
  8 hobgoblins
  6 jackals
  4 kobolds
  3 quokkas
  5 bats
  5 frilled lizards
  3 rats
93 creatures vanquished.

Vanquished Creatures (others)
  3 withered plants (D:2)
3 creatures vanquished.

Grand Total: 96 creatures vanquished

Notes
Turn   | Place    | Note
-------+----------+-------------------------------------------
     0 | D:1      | Jortsu the Hill Orc Fighter began the quest for the Orb.
     0 | D:1      | Reached XP level 1. HP: 19/19 MP: 1/1
   188 | D:1      | Reached skill level 3 in Axes
   190 | D:1      | Reached XP level 2. HP: 27/27 MP: 2/2
   862 | D:2      | Reached XP level 3. HP: 21/33 MP: 3/3
  1098 | D:2      | Found a faded altar of an unknown god.
  1112 | D:2      | Reached skill level 4 in Axes
  1587 | D:3      | Reached XP level 4. HP: 40/40 MP: 4/4
  1951 | D:3      | Noticed Robin
  1973 | D:3      | Killed Robin
  2884 | D:4      | Reached XP level 5. HP: 46/46 MP: 5/5
  2978 | D:4      | Reached skill level 5 in Axes
  3168 | D:4      | Noticed Ijyb
  3177 | D:4      | Killed Ijyb
  3318 | D:4      | Reached XP level 6. HP: 48/53 MP: 3/6
  3506 | D:4      | Found a glowing golden altar of the Shining One.
  3553 | D:4      | Noticed a black bear
  3560 | D:4      | Killed a black bear
  3561 | D:4      | Reached skill level 6 in Axes
  3561 | D:4      | Reached skill level 1 in Dodging
  3868 | D:5      | Entered Level 5 of the Dungeon
  3915 | D:5      | Noticed a sky beast
  3931 | D:5      | Killed a sky beast
  3940 | D:5      | Reached skill level 7 in Axes
  3940 | D:5      | Reached XP level 7. HP: 40/60 MP: 5/7
  4060 | D:5      | Identified the +1 whip of Sihuocw {vorpal, Int+6 Dex+6}
  4067 | D:5      | Reached skill level 5 in Fighting
  4067 | D:5      | Reached skill level 5 in Armour
  4264 | D:5      | HP: 1/61 [water moccasin (4)]
  4265 | D:5      | Succumbed to a water moccasin's poison

Illustrated notes

Levels and vault maps discovered:
D:1:      dpeg_arrival_pits, layout_loops_ring
D:2:      layout_basic, ebering_ecumenical_altar_petrified
D:3:      minmay_inner_zag, layout_basic, kennysheep_cross_room, uniq_robin
D:4:      layout_basic, nicolae_tso_swordbearing_angel, uniq_ijyb
D:5:      layout_gridville, nicolae_concentric_dashed_squares_wild, uniq_sigmund

Skill      XL: |  1  2  3  4  5  6  7 |
---------------+----------------------+-----
Axes           | 3 4 5 7 |  7.7
Fighting       | 4 5 |  5.0
Armour         | 4 5 |  5.1
Dodging        | 1 |  1.4
Shields        | 4 |  4.3
Stealth        | |  0.9

Action                   |  1- 3 |  4- 6 |  7- 9 || total
-------------------------+-------+-------+-------++-------
Melee: War axe           |    96 |   161 |    23 ||   280
  Use: Scroll            |    10 |     5 |       ||    15
Armor: Scale mail        |    64 |    93 |    14 ||   171
Dodge: Dodged            |    72 |    58 |    11 ||   141
Block: Buckler           |    20 |    39 |     6 ||    65

Table legend: (Time is in decaauts)
 A = Elapsed time spent in this place.
 B = Non-inter-level travel time spent in this place.
 C = Inter-level travel time spent in this place.
 D = Time resting spent in this place.
 E = Time spent auto-exploring this place.
 F = Levels seen in this place.
 G = Mean time per level.
                   A        B        C        D        E       F      G
               +--------+--------+--------+--------+--------+-----+--------+
         Total |   4351 |   4239 |    112 |     51 |   3390 |   5 |  870.2 |
       Dungeon |   4351 |   4239 |    112 |     51 |   3390 |   5 |  870.2 |
               +--------+--------+--------+--------+--------+-----+--------+

Top non-repeatable levels by time:
     D:4: 1324 daAuts
     D:3: 1259 daAuts
     D:1: 866 daAuts
     D:2: 494 daAuts
     D:5: 405 daAuts
